 Dungeon Sprint DCSS version 0.26-a0-30-g56b8cd3df0 (webtiles) character file.

Game seed: 13652187853915157380, levelgen mode: deterministic

25 Apogee the Sneak (level 3, 10/19 HPs)
             Began as a Vine Stalker Fighter on June 2, 2020.
             Quit the game in the Dungeon (Sprint I: "Red Sonja").
             The game lasted 00:00:57 (39 turns).

Apogee the Sneak (Vine Stalker Fighter)               Turns: 39, Time: 00:00:57

Health: 10/19      AC: 12    Str: 19    XL:     3   Next: 4%
Magic:  4/4        EV: 17    Int:  8    God:
Gold:   0          SH:  0    Dex: 13    Spells: 2/2 levels left

rFire    . . .     SeeInvis .   (weapon currently unavailable)
rCold    . . .     Gourm    .   (shield currently unavailable)
rNeg     + + +     Faith    .   (armour currently unavailable)
rPois    +         Spirit   +   (helmet currently unavailable)
rElec    .         Reflect  .   (cloak currently unavailable)
rCorr    .         Harm     .   (gloves currently unavailable)
MR       .....     NoTele   +   (boots currently unavailable)
Stlth    +++.......             (no amulet)
HPRegen  0.06/turn              (no ring)
MPRegen  0.09/turn              (no ring)

@: fungus-form (expiring)
A: tiny, magic shield, no potion heal 3, rot immunity
a: no special abilities


You were in the Dungeon.
You were not hungry.
You were a sentient fungus.
You visited 1 branch

Inventory:

Hand Weapons
 a - a +0 rapier (melded)
 l - a +1 dagger of protection
Armour
 b - a +0 scale mail (melded)
 c - a +0 kite shield
 m - a +0 leather armour
Scrolls
 k - a scroll of blinking {!r}
Potions
 d - a potion of might
 e - a potion of curing
 g - a potion of heal wounds
 h - a potion of haste
 i - 2 potions of magic
 j - a potion of berserk rage {!q}
Comestibles
 f - a ration


   Skills:
 - Level 2.6 Fighting
 + Level 4.0 Short Blades
 - Level 2.4 Armour
 + Level 5.1 Stealth
 - Level 2.6 Shields


You had 2 spell levels left.
You didn't know any spells.
Your spell library was empty.

Dungeon Overview and Level Annotations

Branches:
Dungeon (1/1)

Altars:


Innate Abilities, Weirdness & Mutations

((You have extremely sharp teeth.))
When hurt, damage is shared between your health and your magic reserves.
((Your bite disrupts and absorbs the magic of your enemies.))
Potions cannot restore your health.
You are immune to rotting.


Message History

You have reached level 3!
Your experience leads to an increase in your attributes!
Increase (S)trength, (I)ntelligence, or (D)exterity?
You feel stronger.
Your transformation is almost over.
l - a +1 dagger of protection You see here a +0 leather armour.
m - a +0 leather armour Quiver which item? (- for none, * to show all) (? for menu, Esc to quit)
Okay, then.
Unknown command.
Quiver which item? (- for none, * to show all) (? for menu, Esc to quit)
Okay, then.
Quiver which item? (- for none, * to show all) (? for menu, Esc to quit)
You don't have any such object.
Quiver which item? (- for none, * to show all) (? for menu, Esc to quit)
You don't have any such object.
Quiver which item? (- for none, * to show all) (? for menu, Esc to quit)
Okay, then.
Are you sure you want to abandon this character and quit the game? (Confirm with "yes".)

#######
#<.#.f+
#..'..#
#..####
#..#
#..#
#..#
#⌠⌠#
####


There were no monsters in sight!

Vanquished Creatures
  Ijyb (D)
1 creature vanquished.

Notes
Turn   | Place    | Note
-------+----------+-------------------------------------------
     0 | D        | Apogee the Vine Stalker Fighter began the quest for the
                  | Orb.
     0 | D        | Reached XP level 1. HP: 11/11 MP: 2/2
     6 | D        | Noticed Ijyb
    35 | D        | Killed Ijyb
    35 | D        | Reached skill level 5 in Stealth
    35 | D        | Reached XP level 2. HP: 8/16 MP: 3/3
    35 | D        | Reached XP level 3. HP: 10/19 MP: 4/4
    39 | D        | Quit the game

Illustrated notes

Levels and vault maps discovered:
D:        dungeon_sprint_1 [red_sonja_temple_1, red_sonja_temple_small_1]

Skill      XL: |  1 |
---------------+----+-----
Short Blades   | 4 |  4.0
Stealth        | 5 |  5.1
Fighting       | |  2.6
Armour         | |  2.4
Shields        | |  2.6

Action                   || total
-------------------------++-------
Melee: Rapier            ||    11
       Unarmed           ||    10
       Bite              ||     4
Armor: Scale mail        ||     3
       Skin              ||     1
Dodge: Dodged            ||     7

Table legend:
 A = Non-vault XP
 B = Vault XP
 C = Vault XP percentage of total XP
 D = Non-vault monster count
 E = Vault monster count
 F = Vault count percentage of total count
                 A         B        C        D         E       F
            +---------+---------+-------+---------+---------+-------
      Total |       0 |      36 | 100.0 |       0 |       1 | 100.0
            +---------+---------+-------+---------+---------+-------
          D |       0 |      36 | 100.0 |       0 |       1 | 100.0
            +---------+---------+-------+---------+---------+-------
